 Dungeon Crawl Stone Soup version 0.29.0-4-gdea44cf6ec (webtiles) character file.

Game seed: 1812004832103960983

95 qw the Chopper (level 4, -2/26 HPs)
             Began as a Tengu Warper on Aug 28, 2022.
             Slain by a gnoll
             ... wielding a +0 spear
              (5 damage)
             ... on level 3 of the Dungeon.
             The game lasted 00:00:12 (1910 turns).

qw the Chopper (Tengu Warper)                       Turns: 1910, Time: 00:00:12

Health: -2/26      AC:  7    Str: 13    XL:     4   Next: 65%
Magic:  8/8        EV:  9    Int: 14    God:
Gold:   151        SH:  4    Dex: 13    Spells: 7/7 levels left

rFire   . . .      SeeInvis .   Y - +1 hand axe
rCold   . . .      Faith    .   l - +0 buckler
rNeg    . . .      Spirit   .   j - +0 scale mail
rPois   .          Reflect  .   (helmet restricted)
rElec   .          Harm     .   (no cloak)
rCorr   .          Rampage  .   i - +0 pair of gloves
Will    +....                   (boots unavailable)
Stlth   ..........              (no amulet)
HPRegen 0.08/turn               a - ring of willpower
MPRegen 0.11/turn               (no ring)

@: no status effects
A: beak, talons 3
a: no special abilities


You were on level 3 of the Dungeon.
You visited 1 branch of the dungeon, and saw 3 of its levels.

You collected 151 gold pieces.


Innate Abilities, Weirdness & Mutations

You have a beak for a mouth.
You have claws for feet.


   Skills:
 - Level 2.0 Fighting
 + Level 5.0 Axes
 - Level 1.0 Throwing
 - Level 1.1 Armour
 - Level 2.1 Dodging
 - Level 1.0 Shields
 - Level 2.0 Spellcasting
 - Level 2.4 Translocations


You had 7 spell levels left.
You didn't know any spells.
Your spell library contained the following spells:

 Spells                   Type           Power      Damage    Failure   Level
 Blink                    Tloc           16%        N/A       65%         2
 Gell's Gravitas          Tloc           8%         N/A       87%         3
 Lesser Beckoning         Tloc           8%         N/A       87%         3
 Teleport Other           Tloc           8%         N/A       87%         3
 Manifold Assault         Tloc           8%         N/A       100%        5

Inventory:

Hand Weapons
 e - a +0 whip
 Y - a +1 hand axe (weapon)
Armour
 i - a +0 pair of gloves (worn)
 j - a +0 scale mail (worn)
 l - a +0 buckler (worn)
Jewellery
 a - a ring of willpower (left hand)
 f - a ring of protection from fire
Scrolls
 d - a scroll of immolation {unknown}
Potions
 b - a potion of lignification {unknown}
 c - a potion of haste {unknown}
 g - a potion of ambrosia {unknown}
 h - a potion of cancellation
 k - a potion of curing

Dungeon Overview and Level Annotations

Branches:
Dungeon (3/15)

Altars:


Message History

The gnoll shouts!
An endoplasm comes into view.
The gnoll hits you but does no damage.
You hit the gnoll.
The gnoll is moderately wounded.
The gnoll hits you but does no damage.
The gnoll hits you from afar with a +0 spear!
You slash the gnoll! You claw the gnoll.
You kill the gnoll!
You block the gnoll's attack.
You hit the gnoll. You peck the gnoll.
The gnoll is heavily wounded.
The gnoll barely misses you.
You barely miss the gnoll.
The gnoll is heavily wounded.
The gnoll barely misses you. You block the gnoll's attack.
The gnoll hits you with a +0 flail! The gnoll hits you but does no damage.
The gnoll closely misses you. x2
You slash the gnoll!
You kill the gnoll!
The gnoll barely misses you. The gnoll closely misses you.
Your Axes skill increases to level 5!
The gnoll hits you with a +0 spear. The gnoll closely misses you.
Things that are here:
a +0 flail; a gnoll corpse You hit the gnoll.
You claw the gnoll.
The gnoll is moderately wounded.
The gnoll hits you with a +0 spear. The gnoll hits you but does no damage.
You hit the gnoll. Your kick misses the gnoll. You peck the gnoll.
The gnoll is severely wounded.
The gnoll hits you but does no damage.
The gnoll hits you from afar with a +0 spear.
You hit the gnoll but do no damage. Your kick misses the gnoll.
Your peck misses the gnoll.
The gnoll is severely wounded.
The gnoll hits you but does no damage. The gnoll hits you with a +0 spear.
You closely miss the gnoll.
The gnoll is severely wounded.
The gnoll hits you from afar with a +0 spear.
You die...

#............###.
...............#.
#<...........#.#.
####...####.....
#..........#.
...#######...#####..#.
#.......#.....# #..#.
####.[##.##.# #..#.
#g@....>.# .# #....
#.....)..#### # #....
#..#g##...# ####.
#....J ...#... #.
#.#....>....... .#
#...#.###.##### ##....
..# #.... .#


You could see 2 gnolls and an endoplasm.

Vanquished Creatures
  2 gnolls (D:3)
  3 adders (D:2)
  2 dart slugs
  7 bats
  5 endoplasms
  A giant cockroach (D:1)
  6 goblins
  A hobgoblin (D:1)
  2 quokkas
  6 ball pythons
  3 frilled lizards (D:1)
  6 kobolds
  2 rats (D:2)
46 creatures vanquished.

Notes
Turn   | Place    | Note
-------+----------+-------------------------------------------
     0 | D:1      | qw the Tengu Warper began the quest for the Orb.
     0 | D:1      | Reached XP level 1. HP: 12/12 MP: 4/4
     0 | D:1      | 0 ||| qw: Version: 0.1-a-89-g26bdef1
     0 | D:1      | 0 ||| qw: Game counter: 3308
     0 | D:1      | 0 ||| qw: Always use a shield: true
     0 | D:1      | 0 ||| qw: God list: Okawaru
     0 | D:1      | 0 ||| qw: Allow faded altars: false
     0 | D:1      | 0 ||| qw: Do Orc after D:15 true
     0 | D:1      | 0 ||| qw: Do second Lair branch before Depths: true
     0 | D:1      | 0 ||| qw: Lair rune preference: random
     0 | D:1      | 0 ||| qw: Plans: Normal
     0 | D:1      | 0 ||| PLANNING D:1-11
   190 | D:1      | Reached XP level 2. HP: 16/17 MP: 6/6
   215 | D:1      | Reached skill level 3 in Axes
   234 | D:1      | 234 ||| Stepping ~*~*~tactically~*~*~ (stealth).
   257 | D:1      | 257 ||| Stepping ~*~*~tactically~*~*~ (stealth).
   259 | D:1      | 259 ||| Stepping ~*~*~tactically~*~*~ (stealth).
   260 | D:1      | 260 ||| Stepping ~*~*~tactically~*~*~ (stealth).
   261 | D:1      | 261 ||| Stepping ~*~*~tactically~*~*~ (stealth).
   262 | D:1      | 262 ||| Stepping ~*~*~tactically~*~*~ (stealth).
   348 | D:1      | Found a faded altar of an unknown god.
   588 | D:1      | Reached XP level 3. HP: 21/21 MP: 7/7
   868 | D:1      | 868 ||| UPGRADING to +0 pair of gloves.
   873 | D:1      | 873 ||| UPGRADING to +0 scale mail.
   883 | D:1      | 883 ||| DROPPING +0 leather armour.
   884 | D:1      | 884 ||| UPGRADING to +0 buckler.
   889 | D:1      | 889 ||| READING scroll labelled HIOPRI UTWU.
   890 | D:1      | 890 ||| READING scroll labelled FIDIMI KOKKEUW.
   891 | D:1      | 891 ||| DRINKING 2 smoky silvery potions.
   892 | D:1      | 892 ||| DRINKING 2 sapphire potions.
   893 | D:1      | 893 ||| DROPPING scroll of blinking.
  1025 | D:2      | 1025 ||| Stepping ~*~*~tactically~*~*~ (stealth).
  1026 | D:2      | 1026 ||| Stepping ~*~*~tactically~*~*~ (stealth).
  1038 | D:2      | Reached skill level 1 in Shields
  1053 | D:2      | Reached skill level 4 in Axes
  1226 | D:2      | Reached XP level 4. HP: 17/26 MP: 8/8
  1759 | D:2      | 1759 ||| UPGRADING to ring of willpower.
  1760 | D:2      | 1760 ||| READING scroll labelled SEATSI ZUEPUU.
  1906 | D:3      | Reached skill level 5 in Axes
  1908 | D:3      | HP: 5/26 [gnoll/+0 spear (2)]
  1910 | D:3      | Slain by a gnoll

Levels and vault maps discovered:
D:1:      dpeg_arrival_arbitrary_c, layout_loops_ring,
          ebering_ecumenical_altar_sacrificial, minmay_misc_feat_cross,
          minmay_pentomino_r4
D:2:      minmay_chambers_of_ones, layout_loops_ring,
          nicolae_figureground_sparkle
D:3:      layout_loops_cross, minmay_close_crescents

Skill      XL: |  1  2  3  4 |
---------------+-------------+-----
Axes           | 3 4 5 |  5.0
Shields        | 1 |  1.0
Fighting       | |  2.0
Throwing       | |  1.0
Armour         | |  1.1
Dodging        | |  2.1
Spellcasting   | |  2.0
Translocations | |  2.4

Action                   |  1- 3 |  4- 6 || total
-------------------------+-------+-------++-------
Melee: Hand axe          |    62 |    27 ||    89
       Kick              |    12 |     7 ||    19
       Peck              |     4 |     3 ||     7
Throw: Boomerang         |    39 |       ||    39
  Use: Scroll            |     2 |     1 ||     3
       Potion            |     2 |       ||     2
Armor: Leather armour    |    12 |       ||    12
       Scale mail        |    16 |    14 ||    30
Dodge: Dodged            |    28 |    11 ||    39
Block: Buckler           |     4 |     5 ||     9

Table legend:
 A = Non-vault XP
 B = Vault XP
 C = Vault XP percentage of total XP
 D = Non-vault monster count
 E = Vault monster count
 F = Vault count percentage of total count
                 A         B        C        D         E       F
            +---------+---------+-------+---------+---------+-------
      Total |     111 |      25 |  18.4 |      37 |       9 |  19.6
            +---------+---------+-------+---------+---------+-------
        D:1 |      38 |       6 |  13.6 |      21 |       4 |  16.0
        D:2 |      43 |      19 |  30.6 |      12 |       5 |  29.4
        D:3 |      30 |       0 |   0.0 |       4 |       0 |   0.0
            +---------+---------+-------+---------+---------+-------
